Lowell Devils vs Sherbrooke Phoenix

Created - 5 décembre 2017 at 06:09

Goals
1 2 3 OT1 T
Lowell Devils 0 2 3 0 5
Sherbrooke Phoenix 2 1 2 1 6
Shots
1 2 3 OT1 T
Lowell Devils 12 17 10 0 39
Sherbrooke Phoenix 8 11 13 1 33

1st period

1. Sherbrooke Phoenix , Max Friberg 11 (Casey Bailey 19, Daniel Zaar 23) at 0:53
2. Sherbrooke Phoenix , Blake Coleman 15 (Brad Malone 6, Brandon Mashinter 1) at 19:11

Penalties :
Tommy Hughes (PHO) for Slashing (Minor) at 15:02

2nd period

3. Lowell Devils , Andrew Poturalski 17 (Nolan Zajac 4) at 16:51
4. Sherbrooke Phoenix , Max Friberg 12 (Pascal Pelletier 3, Chris Carlisle 1) at 19:07
5. Lowell Devils , Chris Conner 7 (Austin Czarnik 20, Daniel O'Regan 11) at 19:34

Penalties :
Blake Coleman (PHO) for Tripping (Minor) at 11:07, Casey Bailey (PHO) for Goalie Interference (Minor) at 14:34, Mike Weber (PHO) for Slashing (Minor) at 19:55

3rd period

6. Lowell Devils , Chris Conner 8 (Austin Czarnik 21) at 0:04 (PP)
7. Lowell Devils , Daniel O'Regan 13 (Austin Czarnik 22) at 4:56 (PP)
8. Sherbrooke Phoenix , Casey Bailey 11 (Daniel Zaar 24) at 10:49 (PP)
9. Lowell Devils , Daniel O'Regan 14 (Austin Czarnik 23, Chris Conner 9) at 12:11
10. Sherbrooke Phoenix , Jordan Subban 4 (Casey Bailey 20) at 17:04 (PP)

Penalties :
MacKenzie Weegar (DEV) for Holding (Minor) at 0:15, Brandon Mashinter (PHO) for Slashing (Minor) at 4:41, MacKenzie Weegar (DEV) for Interference (Minor) at 7:02, Brendan Ranford (DEV) for Hooking (Minor) at 10:45, Andrew Mangiapane (DEV) for Holding Stick (Minor) at 16:54

Overtime #1

11. Sherbrooke Phoenix , Francis Perron 14 (Jordan Subban 11) at 0:45

Penalties :
No Penalty

Goalie Stats

Reto Berra (DEV), 27 saves from 33 shots - (0,818), OTL, 11-5-3, 60:45 minutes
Vitek Vanecek (PHO), 34 saves from 39 shots - (0,872), W, 8-7-0, 60:45 minutes

Players Stats for Lowell Devils

Player Name              G  A  P  +/- PIM S  H  SB GA TA FO     MP     PP MP  PK MP  
------------------------------------------------------------------------------------
Andrew Mangiapane        0  0  0   0  2   4  1  1  0  1  1/1    15:45   2:34   0:00 
Andrew Poturalski        1  0  1   1  0   6  1  0  1  0  3/7    11:54   0:10   0:33 
Andrew Welinski          0  0  0  -2  0   0  0  0  0  1  0/0    20:42   2:31   1:41 
Austin Czarnik           0  4  4  -1  0   4  1  4  0  0  17/33  23:50   3:37   2:50 
Brendan Ranford          0  0  0   1  2   1  0  0  1  0  0/0    11:20   0:10   0:00 
Chris Conner             2  1  3  -1  0   5  0  2  0  0  5/8    23:50   3:37   2:50 
Daniel O'Regan           2  1  3  -2  0   6  1  1  1  1  1/1    21:31   3:37   0:49 
Gavin Bayreuther         0  0  0   1  0   0  3  0  0  1  0/0    12:29   0:00   0:19 
Gerald Mayhew            0  0  0   0  0   0  0  0  0  0  0/0     8:08   0:00   0:00 
Jack Dougherty           0  0  0  -2  0   0  0  1  0  0  0/0    21:05   2:31   2:04 
MacKenzie Weegar         0  0  0   0  4   2  0  3  0  3  0/0    25:37   3:50   0:00 
Nick Baptiste            0  0  0   0  0   2  2  2  3  0  0/1    15:46   2:34   0:00 
Nolan Zajac              0  1  1   1  0   0  0  0  0  0  0/0    14:10   0:00   2:08 
Roland McKeown           0  0  0   0  0   2  4  3  0  1  0/0    27:34   3:50   2:12 
Sam Anas                 0  0  0   0  0   2  1  0  3  0  0/0     8:08   0:00   0:00 
Trevor Moore             0  0  0   1  0   0  1  0  1  0  0/0    11:54   0:10   0:33 
Trevor Smith             0  0  0  -1  0   1  4  0  0  0  6/9    16:53   2:34   0:49 
Tyler Gaudet             0  0  0   0  0   4  2  0  0  0  1/1     8:08   0:00   0:00 

Players Stats for Sherbrooke Phoenix

Player Name              G  A  P  +/- PIM S  H  SB GA TA FO     MP     PP MP  PK MP  
------------------------------------------------------------------------------------
Blake Coleman            1  0  1   0  2   7  5  0  1  1  3/5    20:49   1:57   0:00 
Blake Siebenaler         0  0  0   0  0   0  0  1  0  1  0/0    19:31   1:57   2:24 
Brad Malone              0  1  1   0  0   4  2  0  0  0  4/13   18:44   1:57   1:47 
Brandon Mashinter        0  1  1   0  2   1  1  1  0  1  2/2    18:08   1:57   1:12 
Casey Bailey             1  2  3  -1  2   5  3  1  1  2  13/30  26:13   2:15   2:18 
Chris Carlisle           0  1  1   1  0   0  0  0  0  1  0/0     9:39   0:00   0:10 
Conner Bleackley         0  0  0   1  0   0  0  0  0  0  1/2     5:24   0:00   1:11 
Daniel Zaar              0  2  2  -1  0   0  0  0  1  0  1/3    15:15   2:15   0:00 
Dylan Labbe              0  0  0   0  0   0  0  1  0  1  0/0     5:51   0:00   0:00 
Francis Perron           1  0  1   1  0   1  0  1  1  0  0/0     8:19   0:00   0:48 
Jordan Subban            1  1  2   0  0   2  0  2  1  0  0/0    26:20   2:15   3:57 
Julius Bergman           0  0  0   0  0   1  0  0  0  0  0/0    19:31   1:57   2:24 
Justin Florek            0  0  0   0  0   2  0  0  0  0  0/1    11:21   0:00   1:53 
Mac Bennett              0  0  0   0  0   0  0  0  0  0  0/0     5:50   0:00   0:00 
Max Friberg              2  0  2   0  0   6  0  1  2  1  2/3    27:28   2:15   3:33 
Mike Weber               0  0  0   0  2   1  3  0  0  2  0/0    25:44   2:15   3:47 
Pascal Pelletier         0  1  1   1  0   2  0  0  0  0  1/2    10:48   0:00   0:00 
Tommy Hughes             0  0  0   1  2   0  1  0  0  0  0/0    10:51   0:00   0:00 
Troy Bourke              0  0  0   1  0   1  0  1  1  0  0/0    10:48   0:00   0:00 

3 Stars

1 - Chris Conner (DEV)
2 - Max Friberg (PHO)
3 - Daniel O'Regan (DEV)

Power Play

Lowell Devils - 2 on 5 Attempt(s) - 40,00%
Sherbrooke Phoenix - 2 on 4 Attempt(s) - 50,00%

Penalty Kill

Lowell Devils - 2 on 4 Attempt(s) - 50,00% - Score 0 goal in Penalty Kill
Sherbrooke Phoenix - 3 on 5 Attempt(s) - 60,00% - Score 0 goal in Penalty Kill

Team Stat

Lowell Devils - Hits : 21 - Faceoff Wins : 34 - Blocked Shots : 17 - Penalty Minutes : 8
Sherbrooke Phoenix - Hits : 15 - Faceoff Wins : 27 - Blocked Shots : 9 - Penalty Minutes : 10

Official

Referees : Brad Meier and Brian Pochmara
Linesman : Mark Shewchyk and Brad Lazarowich

Game Notes

19:34 of 2nd period - Lowell Devils goal is going for a video replay. After video review, Goal.

Finance

Level 1 -- Attendance: 1439 (71,95%) -- Ticket Income 57 560 $
Level 2 -- Attendance: 807 (80,70%) -- Ticket Income 16 140 $
Total Attendance: 2246 (74,87%)
Total Ticket Income: 73 700 $
Other Income: 36 113 $
Total Income: 109 813 $

Lowell Devils

5 vs 5 Forward 
   Center                   Left Wing                Right Wing               Time % Phy DF OF 
 1 Austin Czarnik           Chris Conner             Daniel O'Regan           40     1   2  2  
 2 Trevor Smith             Andrew Mangiapane        Nick Baptiste            30     1   2  2  
 3 Andrew Poturalski        Brendan Ranford          Trevor Moore             20     1   2  2  
 4 Tyler Gaudet             Sam Anas                 Gerald Mayhew            10     1   2  2  

5 vs 5 Defense 
   Defense                  Defense                                           Time % Phy DF OF 
 1 MacKenzie Weegar         Roland McKeown                                    40     1   2  2  
 2 Jack Dougherty           Andrew Welinski                                   30     1   2  2  
 3 Gavin Bayreuther         Nolan Zajac                                       20     1   2  2  
 4 MacKenzie Weegar         Roland McKeown                                    10     1   2  2  

PowerPlay Forward 
   Center                   Left Wing                Right Wing               Time % Phy DF OF 
 1 Austin Czarnik           Chris Conner             Daniel O'Regan           60     1   2  2  
 2 Trevor Smith             Andrew Mangiapane        Nick Baptiste            40     1   2  2  

PowerPlay Defense
   Defense                  Defense                                           Time % Phy DF OF 
 1 MacKenzie Weegar         Roland McKeown                                    60     1   2  2  
 2 Jack Dougherty           Andrew Welinski                                   40     1   2  2  

Penalty Kill 4 Players Forward 
   Center                   Wing                     Time % Phy DF OF 
 1 Chris Conner             Austin Czarnik           60     1   2  2  
 2 Daniel O'Regan           Trevor Smith             40     1   2  2  

Penalty Kill 4 Players Defense
   Defense                  Defense                  Time % Phy DF OF 
 1 MacKenzie Weegar         Roland McKeown           60     1   2  2  
 2 Jack Dougherty           Andrew Welinski          40     1   2  2  

Penalty Kill - 3 Players Forward 
   Forward                                           Time % Phy DF OF 
 1 Chris Conner                                      60     1   2  2  
 2 Austin Czarnik                                    40     1   2  2  

Penalty Kill - 3 Players Defense
   Defense                  Defense                  Time % Phy DF OF 
 1 MacKenzie Weegar         Roland McKeown           60     1   2  2  
 2 Jack Dougherty           Andrew Welinski          40     1   2  2  

4 vs 4 Forward 
   Center                   Wing                     Time % Phy DF OF 
 1 Chris Conner             Austin Czarnik           60     1   2  2  
 2 Daniel O'Regan           Trevor Smith             40     1   2  2  

4 vs 4 Defense
   Defense                  Defense                  Time % Phy DF OF 
 1 MacKenzie Weegar         Roland McKeown           60     1   2  2  
 2 Jack Dougherty           Andrew Welinski          40     1   2  2  

Last Minutes Offensive
   Center                   Left Wing                Right Wing               Defense                  Defense                  
   Austin Czarnik           Chris Conner             Daniel O'Regan           MacKenzie Weegar         Roland McKeown           

Last Minutes Defensive
   Center                   Left Wing                Right Wing               Defense                  Defense                  
   Austin Czarnik           Chris Conner             Daniel O'Regan           MacKenzie Weegar         Roland McKeown           

Goaltenders
Starting : Reto Berra               
Backup : Charlie Lindgren         

Extra Forwards
Normal : Andrew Poturalski, Brendan Ranford, Trevor Moore - PP : Andrew Poturalski, Brendan Ranford - PK : Trevor Moore
Extra Defensemen
Normal : Gavin Bayreuther, Nolan Zajac, Jack Dougherty - PP : Gavin Bayreuther - PK : Nolan Zajac, Jack Dougherty
Penalty Shots
Chris Conner, Austin Czarnik, Daniel O'Regan, Trevor Smith, Andrew Mangiapane

Scratches
Dan Renouf (Healthy), Conor Garland (Healthy), Vojtech Mozik (Healthy), Trevor Murphy (Healthy)

Sherbrooke Phoenix

5 vs 5 Forward 
   Center                   Left Wing                Right Wing               Time % Phy DF OF 
 1 Casey Bailey             Max Friberg              Daniel Zaar              40     1   2  2  
 2 Brad Malone              Brandon Mashinter        Blake Coleman            30     1   2  2  
 3 Blake Coleman            Justin Florek            Casey Bailey             20     1   2  2  
 4 Pascal Pelletier         Troy Bourke              Max Friberg              10     1   2  2  

5 vs 5 Defense 
   Defense                  Defense                                           Time % Phy DF OF 
 1 Jordan Subban            Mike Weber                                        40     1   2  2  
 2 Julius Bergman           Blake Siebenaler                                  30     1   2  2  
 3 Tommy Hughes             Chris Carlisle                                    20     1   2  2  
 4 Dylan Labbe              Mac Bennett                                       10     1   2  2  

PowerPlay Forward 
   Center                   Left Wing                Right Wing               Time % Phy DF OF 
 1 Casey Bailey             Max Friberg              Daniel Zaar              60     1   2  2  
 2 Brad Malone              Brandon Mashinter        Blake Coleman            40     1   2  2  

PowerPlay Defense
   Defense                  Defense                                           Time % Phy DF OF 
 1 Jordan Subban            Mike Weber                                        60     1   2  2  
 2 Julius Bergman           Blake Siebenaler                                  40     1   2  2  

Penalty Kill 4 Players Forward 
   Center                   Wing                     Time % Phy DF OF 
 1 Casey Bailey             Max Friberg              60     1   2  2  
 2 Brandon Mashinter        Brad Malone              40     1   2  2  

Penalty Kill 4 Players Defense
   Defense                  Defense                  Time % Phy DF OF 
 1 Jordan Subban            Mike Weber               60     1   2  2  
 2 Julius Bergman           Blake Siebenaler         40     1   2  2  

Penalty Kill - 3 Players Forward 
   Forward                                           Time % Phy DF OF 
 1 Casey Bailey                                      60     1   2  2  
 2 Max Friberg                                       40     1   2  2  

Penalty Kill - 3 Players Defense
   Defense                  Defense                  Time % Phy DF OF 
 1 Jordan Subban            Mike Weber               60     1   2  2  
 2 Julius Bergman           Blake Siebenaler         40     1   2  2  

4 vs 4 Forward 
   Center                   Wing                     Time % Phy DF OF 
 1 Casey Bailey             Max Friberg              60     1   2  2  
 2 Brandon Mashinter        Brad Malone              40     1   2  2  

4 vs 4 Defense
   Defense                  Defense                  Time % Phy DF OF 
 1 Jordan Subban            Mike Weber               60     1   2  2  
 2 Julius Bergman           Blake Siebenaler         40     1   2  2  

Last Minutes Offensive
   Center                   Left Wing                Right Wing               Defense                  Defense                  
   Casey Bailey             Max Friberg              Daniel Zaar              Jordan Subban            Mike Weber               

Last Minutes Defensive
   Center                   Left Wing                Right Wing               Defense                  Defense                  
   Casey Bailey             Max Friberg              Daniel Zaar              Jordan Subban            Mike Weber               

Goaltenders
Starting : Vitek Vanecek            
Backup : Antoine Bibeau           

Extra Forwards
Normal : Francis Perron, Conner Bleackley, Justin Florek - PP : Francis Perron, Conner Bleackley - PK : Justin Florek
Extra Defensemen
Normal : Tommy Hughes, Chris Carlisle, Dylan Labbe - PP : Tommy Hughes - PK : Chris Carlisle, Dylan Labbe
Penalty Shots
Casey Bailey, Max Friberg, Brandon Mashinter, Brad Malone, Blake Coleman

Scratches
Brandon Alderson (Healthy), Garrett Mitchell (Healthy)

% Time on Ice - Lowell Devils

Lines # - Real PCT - Wanted PCT - Time Play
Normal Forward
1 - 35% - 40% - 17:24
2 - 27% - 30% - 13:21
3 - 21% - 20% - 10:34
4 - 16% - 10% - 8:08
Normal Defense
1 - 40% - 40% - 19:41
2 - 33% - 30% - 16:18
3 - 23% - 20% - 11:13
4 - 5% - 10% - 2:15
PP Forward
1 - 60% - 60% - 3:47
2 - 40% - 40% - 2:34
PP Defense
1 - 60% - 60% - 3:50
2 - 40% - 40% - 2:31
PK Forward
1 - 81% - 60% - 3:23
2 - 19% - 40% - 0:49
PK Defense
1 - 60% - 60% - 2:31
2 - 40% - 40% - 1:41
PK3 Forward
1 - 0% - 60%
2 - 0% - 40%
PK3 Defense
1 - 0% - 60%
2 - 0% - 40%
44 Forward
1 - 80% - 60% - 0:36
2 - 20% - 40% - 0:09
44 Defense
1 - 73% - 60% - 0:33
2 - 27% - 40% - 0:12
Last Minute Offensive  - 0:00
Last Minute Defensive  - 0:00
Total
Forward - 60:45
Defense - 60:45

% Time on Ice - Sherbrooke Phoenix

Lines # - Real PCT - Wanted PCT - Time Play
Normal Forward
1 - 31% - 40% - 15:09
2 - 30% - 30% - 15:00
3 - 17% - 20% - 8:30
4 - 22% - 10% - 10:48
Normal Defense
1 - 39% - 40% - 19:23
2 - 31% - 30% - 15:10
3 - 18% - 20% - 9:04
4 - 12% - 10% - 5:50
PP Forward
1 - 54% - 60% - 2:15
2 - 46% - 40% - 1:57
PP Defense
1 - 54% - 60% - 2:15
2 - 46% - 40% - 1:57
PK Forward
1 - 81% - 60% - 5:09
2 - 19% - 40% - 1:12
PK Defense
1 - 62% - 60% - 3:57
2 - 38% - 40% - 2:24
PK3 Forward
1 - 0% - 60%
2 - 0% - 40%
PK3 Defense
1 - 0% - 60%
2 - 0% - 40%
44 Forward
1 - 100% - 60% - 0:45
2 - 0% - 40% - 0:00
44 Defense
1 - 100% - 60% - 0:45
2 - 0% - 40% - 0:00
Last Minute Offensive  - 0:00
Last Minute Defensive  - 0:00
Total
Forward - 60:45
Defense - 60:45

Play by Play

1st period


0:01 of 1st period - Max Friberg wins face-off versus Austin Czarnik in neutral zone.
0:06 of 1st period - Slapshot by Casey Bailey.
0:06 of 1st period - Stopped by Reto Berra without a rebound.
0:07 of 1st period - Casey Bailey wins face-off versus Austin Czarnik in Lowell Devils zone.
0:14 of 1st period - Slapshot by Max Friberg.
0:14 of 1st period - Shot Misses the Net.
0:16 of 1st period - Snap shot by Max Friberg.
0:16 of 1st period - Shot Blocked by Austin Czarnik.
0:18 of 1st period - Slapshot by Jordan Subban.
0:18 of 1st period - Stopped by Reto Berra with a rebound.
0:20 of 1st period - Wrist shot by Casey Bailey.
0:20 of 1st period - Shot Misses the Net.
0:22 of 1st period - Backhand shot by Max Friberg.
0:22 of 1st period - Shot Misses the Net.
0:24 of 1st period - Snap shot by Casey Bailey.
0:24 of 1st period - Shot Blocked by Chris Conner.
0:51 of 1st period - Wrist shot by Max Friberg.
0:51 of 1st period - Shot Misses the Net.
0:53 of 1st period - Wrist shot by Max Friberg.
0:53 of 1st period - Goal by Max Friberg - Lowell Devils : 0 - Sherbrooke Phoenix : 1.
0:54 of 1st period - Trevor Smith wins face-off versus Brad Malone in neutral zone.
1:09 of 1st period - Jack Dougherty is hit by Brad Malone and loses puck.
1:51 of 1st period - Nick Baptiste is hit by Blake Coleman and loses puck.
2:02 of 1st period - Backhand shot by Trevor Moore.
2:02 of 1st period - Shot Blocked by Max Friberg.
3:37 of 1st period - Andrew Welinski is hit by Casey Bailey and loses puck.
5:14 of 1st period - Blake Coleman is hit by Gavin Bayreuther and loses puck.
5:31 of 1st period - Wrist shot by Austin Czarnik.
5:31 of 1st period - Stopped by Vitek Vanecek with a rebound.
5:58 of 1st period - Snap shot by Andrew Mangiapane.
5:58 of 1st period - Stopped by Vitek Vanecek without a rebound.
5:59 of 1st period - Trevor Smith wins face-off versus Conner Bleackley in Sherbrooke Phoenix zone.
6:12 of 1st period - Snap shot by Andrew Mangiapane.
6:12 of 1st period - Shot Misses the Net.
6:28 of 1st period - Snap shot by Trevor Smith.
6:28 of 1st period - Shot Blocked by Casey Bailey.
6:47 of 1st period - Julius Bergman is hit by Roland McKeown and loses puck.
6:56 of 1st period - Snap shot by Justin Florek.
6:56 of 1st period - Stopped by Reto Berra without a rebound.
6:57 of 1st period - Austin Czarnik wins face-off versus Brad Malone in Lowell Devils zone.
10:08 of 1st period - Slapshot by Trevor Moore.
10:08 of 1st period - Shot Misses the Net.
10:10 of 1st period - Wrist shot by Andrew Poturalski.
10:10 of 1st period - Stopped by Vitek Vanecek with a rebound.
10:12 of 1st period - Slapshot by Brendan Ranford.
10:12 of 1st period - Shot Misses the Net.
10:16 of 1st period - Snap shot by Andrew Poturalski.
10:16 of 1st period - Stopped by Vitek Vanecek without a rebound.
10:17 of 1st period - Daniel Zaar wins face-off versus Trevor Smith in Sherbrooke Phoenix zone.
10:33 of 1st period - Wrist shot by Andrew Mangiapane.
10:33 of 1st period - Stopped by Vitek Vanecek with a rebound.
10:41 of 1st period - Wrist shot by Austin Czarnik.
10:41 of 1st period - Shot Misses the Net.
10:55 of 1st period - Max Friberg is hit by Roland McKeown and loses puck.
11:28 of 1st period - Slapshot by Andrew Poturalski.
11:28 of 1st period - Stopped by Vitek Vanecek with a rebound.
12:33 of 1st period - Chris Carlisle is hit by Gavin Bayreuther.
12:48 of 1st period - Sam Anas is hit by Casey Bailey and loses puck.
14:06 of 1st period - Brad Malone is hit by Tyler Gaudet.
14:37 of 1st period - Snap shot by Brendan Ranford.
14:37 of 1st period - Shot Misses the Net.
14:40 of 1st period - Icing by Blake Coleman.
14:41 of 1st period - Blake Coleman wins face-off versus Austin Czarnik in Sherbrooke Phoenix zone.
14:54 of 1st period - Snap shot by Austin Czarnik.
14:54 of 1st period - Shot Misses the Net.
15:02 of 1st period - Minor Penalty to Tommy Hughes for Slashing.
15:03 of 1st period - Austin Czarnik wins face-off versus Casey Bailey in Sherbrooke Phoenix zone.
15:18 of 1st period - Slapshot by Austin Czarnik.
15:18 of 1st period - Deflect By Daniel O'Regan.
15:18 of 1st period - Stopped by Vitek Vanecek without a rebound.
15:19 of 1st period - Casey Bailey wins face-off versus Austin Czarnik in Sherbrooke Phoenix zone.
15:26 of 1st period - Snap shot by Max Friberg.
15:26 of 1st period - Shot Blocked by Chris Conner.
15:32 of 1st period - Slapshot by Casey Bailey.
15:32 of 1st period - Stopped by Reto Berra with a rebound.
15:44 of 1st period - Casey Bailey is hit by Roland McKeown and loses puck.
16:03 of 1st period - Brad Malone is hit by Trevor Smith.
16:45 of 1st period - Trevor Smith is hit by Brandon Mashinter and loses puck.
17:02 of 1st period - Penalty to Tommy Hughes is over, Tommy Hughes is back on ice.
17:16 of 1st period - Wrist shot by Casey Bailey.
17:16 of 1st period - Shot Blocked by Roland McKeown.
17:24 of 1st period - Slapshot by Casey Bailey.
17:24 of 1st period - Shot Misses the Net.
17:43 of 1st period - Snap shot by Casey Bailey.
17:43 of 1st period - Shot Misses the Net.
17:57 of 1st period - Wrist shot by Sam Anas.
17:57 of 1st period - Stopped by Vitek Vanecek with a rebound.
17:59 of 1st period - Slapshot by Tyler Gaudet.
17:59 of 1st period - Stopped by Vitek Vanecek with a rebound.
18:09 of 1st period - Snap shot by Sam Anas.
18:09 of 1st period - Shot Misses the Net.
18:11 of 1st period - Wrist shot by Roland McKeown.
18:11 of 1st period - Shot Misses the Net.
18:13 of 1st period - Slapshot by Tyler Gaudet.
18:13 of 1st period - Stopped by Vitek Vanecek with a rebound.
18:47 of 1st period - Wrist shot by Sam Anas.
18:47 of 1st period - Stopped by Vitek Vanecek with a rebound.
18:49 of 1st period - Slapshot by MacKenzie Weegar.
18:49 of 1st period - Stopped by Vitek Vanecek without a rebound.
18:50 of 1st period - Brad Malone wins face-off versus Austin Czarnik in Sherbrooke Phoenix zone.
18:57 of 1st period - Snap shot by Brandon Mashinter.
18:57 of 1st period - Stopped by Reto Berra without a rebound.
18:58 of 1st period - Brad Malone wins face-off versus Austin Czarnik in Lowell Devils zone.
19:11 of 1st period - Snap shot by Blake Coleman.
19:11 of 1st period - Goal by Blake Coleman - Lowell Devils : 0 - Sherbrooke Phoenix : 2.
19:12 of 1st period - Austin Czarnik wins face-off versus Brad Malone in neutral zone.
19:19 of 1st period - Wrist shot by Brad Malone.
19:19 of 1st period - Deflect By Blake Coleman.
19:19 of 1st period - Shot Blocked by Austin Czarnik.
19:19 of 1st period - Puck is out of play.
19:20 of 1st period - Brad Malone wins face-off versus Austin Czarnik in Lowell Devils zone.
19:27 of 1st period - Slapshot by Blake Coleman.
19:27 of 1st period - Shot Blocked by Austin Czarnik.
19:29 of 1st period - Slapshot by Mike Weber.
19:29 of 1st period - Shot Misses the Net.
19:31 of 1st period - Slapshot by Brad Malone.
19:31 of 1st period - Stopped by Reto Berra without a rebound.
19:32 of 1st period - Austin Czarnik wins face-off versus Blake Coleman in Lowell Devils zone.
Goals for this period are 0 for Lowell Devils vs 2 for Sherbrooke Phoenix.
Shots for this period are 12 for Lowell Devils vs 8 for Sherbrooke Phoenix.

2nd period


0:01 of 2nd period - Casey Bailey wins face-off versus Austin Czarnik in neutral zone.
0:04 of 2nd period - Snap shot by Daniel Zaar.
0:04 of 2nd period - Shot Misses the Net.
0:10 of 2nd period - Wrist shot by Max Friberg.
0:10 of 2nd period - Shot Blocked by Austin Czarnik.
1:23 of 2nd period - Slapshot by Chris Conner.
1:23 of 2nd period - Shot Blocked by Blake Siebenaler.
1:31 of 2nd period - Snap shot by Daniel O'Regan.
1:31 of 2nd period - Stopped by Vitek Vanecek without a rebound.
1:32 of 2nd period - Trevor Smith wins face-off versus Pascal Pelletier in Sherbrooke Phoenix zone.
1:43 of 2nd period - Snap shot by Andrew Mangiapane.
1:43 of 2nd period - Shot Misses the Net.
1:45 of 2nd period - Slapshot by Trevor Smith.
1:45 of 2nd period - Stopped by Vitek Vanecek without a rebound.
1:46 of 2nd period - Casey Bailey wins face-off versus Trevor Smith in Sherbrooke Phoenix zone.
1:46 of 2nd period - Casey Bailey is hit by Trevor Smith.
1:56 of 2nd period - Backhand shot by Nick Baptiste.
1:56 of 2nd period - Stopped by Vitek Vanecek with a rebound.
1:58 of 2nd period - Slapshot by Andrew Mangiapane.
1:58 of 2nd period - Shot Misses the Net.
2:00 of 2nd period - Slapshot by MacKenzie Weegar.
2:00 of 2nd period - Deflect By Andrew Mangiapane.
2:00 of 2nd period - Stopped by Vitek Vanecek with a rebound.
2:02 of 2nd period - Slapshot by MacKenzie Weegar.
2:02 of 2nd period - Stopped by Vitek Vanecek with a rebound.
2:20 of 2nd period - Off-side.
2:21 of 2nd period - Brandon Mashinter wins face-off versus Nick Baptiste in neutral zone.
2:26 of 2nd period - Snap shot by Brad Malone.
2:26 of 2nd period - Shot Misses the Net.
2:46 of 2nd period - Backhand shot by Tyler Gaudet.
2:46 of 2nd period - Shot Blocked by Brandon Mashinter.
2:48 of 2nd period - Slapshot by Tyler Gaudet.
2:48 of 2nd period - Stopped by Vitek Vanecek with a rebound.
2:50 of 2nd period - Wrist shot by Tyler Gaudet.
2:50 of 2nd period - Stopped by Vitek Vanecek with a rebound.
2:54 of 2nd period - Wrist shot by Tyler Gaudet.
2:54 of 2nd period - Deflect By Gerald Mayhew.
2:54 of 2nd period - Shot Misses the Net.
2:54 of 2nd period - Puck is out of play.
2:55 of 2nd period - Andrew Poturalski wins face-off versus Casey Bailey in Sherbrooke Phoenix zone.
3:53 of 2nd period - Pascal Pelletier is hit by Tyler Gaudet and loses puck.
4:26 of 2nd period - Snap shot by Andrew Mangiapane.
4:26 of 2nd period - Shot Misses the Net.
4:46 of 2nd period - Snap shot by Andrew Poturalski.
4:46 of 2nd period - Shot Blocked by Francis Perron.
5:04 of 2nd period - Wrist shot by Austin Czarnik.
5:04 of 2nd period - Stopped by Vitek Vanecek without a rebound.
5:05 of 2nd period - Casey Bailey wins face-off versus Austin Czarnik in Sherbrooke Phoenix zone.
5:26 of 2nd period - Trevor Smith is hit by Mike Weber and loses puck.
5:59 of 2nd period - Brandon Mashinter is hit by Gavin Bayreuther and loses puck.
7:23 of 2nd period - Jordan Subban is hit by Roland McKeown and loses puck.
7:31 of 2nd period - Off-side.
7:32 of 2nd period - Austin Czarnik wins face-off versus Daniel Zaar in neutral zone.
7:52 of 2nd period - Wrist shot by Blake Coleman.
7:52 of 2nd period - Stopped by Reto Berra with a rebound.
7:58 of 2nd period - Brandon Mashinter is hit by Andrew Mangiapane and loses puck.
8:43 of 2nd period - Snap shot by Austin Czarnik.
8:43 of 2nd period - Deflect By Chris Conner.
8:43 of 2nd period - Shot Misses the Net.
8:43 of 2nd period - Puck is out of play.
8:44 of 2nd period - Brandon Mashinter wins face-off versus Trevor Smith in Sherbrooke Phoenix zone.
8:44 of 2nd period - Brandon Mashinter is hit by Trevor Smith.
9:08 of 2nd period - Troy Bourke is hit by Daniel O'Regan and loses puck.
9:15 of 2nd period - Slapshot by Daniel O'Regan.
9:15 of 2nd period - Shot Blocked by Troy Bourke.
10:52 of 2nd period - Mac Bennett is hit by Nick Baptiste and loses puck.
11:01 of 2nd period - Wrist shot by Trevor Smith.
11:01 of 2nd period - Shot Blocked by Dylan Labbe.
11:07 of 2nd period - Minor Penalty to Blake Coleman for Tripping.
11:08 of 2nd period - Chris Conner wins face-off versus Casey Bailey in Sherbrooke Phoenix zone.
13:07 of 2nd period - Penalty to Blake Coleman is over, Blake Coleman is back on ice.
13:11 of 2nd period - Slapshot by Max Friberg.
13:11 of 2nd period - Shot Misses the Net.
13:31 of 2nd period - Snap shot by Blake Coleman.
13:31 of 2nd period - Stopped by Reto Berra without a rebound.
13:32 of 2nd period - Tyler Gaudet wins face-off versus Brad Malone in Lowell Devils zone.
13:55 of 2nd period - Blake Coleman is hit by Sam Anas and loses puck.
14:10 of 2nd period - Snap shot by Brad Malone.
14:10 of 2nd period - Shot Misses the Net.
14:12 of 2nd period - Snap shot by Blake Coleman.
14:12 of 2nd period - Stopped by Reto Berra without a rebound.
14:13 of 2nd period - Austin Czarnik wins face-off versus Casey Bailey in Lowell Devils zone.
14:34 of 2nd period - Minor Penalty to Casey Bailey for Goalie Interference.
14:35 of 2nd period - Austin Czarnik wins face-off versus Justin Florek in Sherbrooke Phoenix zone.
16:10 of 2nd period - Wrist shot by Brad Malone.
16:10 of 2nd period - Stopped by Reto Berra with a rebound.
16:12 of 2nd period - Slapshot by Jordan Subban.
16:12 of 2nd period - Shot Misses the Net.
16:19 of 2nd period - Icing by Chris Conner.
16:20 of 2nd period - Conner Bleackley wins face-off versus Austin Czarnik in Lowell Devils zone.
16:34 of 2nd period - Penalty to Casey Bailey is over, Casey Bailey is back on ice.
16:49 of 2nd period - Wrist shot by Andrew Poturalski.
16:49 of 2nd period - Stopped by Vitek Vanecek with a rebound.
16:51 of 2nd period - Wrist shot by Andrew Poturalski.
16:51 of 2nd period - Goal by Andrew Poturalski - Lowell Devils : 1 - Sherbrooke Phoenix : 2.
16:52 of 2nd period - Casey Bailey wins face-off versus Chris Conner in neutral zone.
17:28 of 2nd period - Snap shot by Blake Coleman.
17:28 of 2nd period - Deflect By Brad Malone.
17:28 of 2nd period - Stopped by Reto Berra without a rebound.
17:29 of 2nd period - Trevor Smith wins face-off versus Brad Malone in Lowell Devils zone.
17:41 of 2nd period - Snap shot by Nick Baptiste.
17:41 of 2nd period - Stopped by Vitek Vanecek with a rebound.
17:43 of 2nd period - Slapshot by Roland McKeown.
17:43 of 2nd period - Stopped by Vitek Vanecek without a rebound.
17:44 of 2nd period - Casey Bailey wins face-off versus Austin Czarnik in Sherbrooke Phoenix zone.
18:09 of 2nd period - Roland McKeown is hit by Brad Malone and loses puck.
18:35 of 2nd period - Wrist shot by Pascal Pelletier.
18:35 of 2nd period - Stopped by Reto Berra without a rebound.
18:36 of 2nd period - Max Friberg wins face-off versus Andrew Poturalski in Lowell Devils zone.
18:37 of 2nd period - Snap shot by Troy Bourke.
18:37 of 2nd period - Deflect By Max Friberg.
18:37 of 2nd period - Stopped by Reto Berra without a rebound.
18:38 of 2nd period - Pascal Pelletier wins face-off versus Austin Czarnik in Lowell Devils zone.
18:47 of 2nd period - Snap shot by Pascal Pelletier.
18:47 of 2nd period - Shot Blocked by Roland McKeown.
18:51 of 2nd period - Slapshot by Troy Bourke.
18:51 of 2nd period - Stopped by Reto Berra with a rebound.
18:55 of 2nd period - Slapshot by Pascal Pelletier.
18:55 of 2nd period - Stopped by Reto Berra with a rebound.
18:57 of 2nd period - Slapshot by Max Friberg.
18:57 of 2nd period - Stopped by Reto Berra with a rebound.
18:59 of 2nd period - Slapshot by Blake Siebenaler.
18:59 of 2nd period - Shot Misses the Net.
19:05 of 2nd period - Snap shot by Pascal Pelletier.
19:05 of 2nd period - Shot Misses the Net.
19:07 of 2nd period - Snap shot by Max Friberg.
19:07 of 2nd period - Goal by Max Friberg - Lowell Devils : 1 - Sherbrooke Phoenix : 3.
19:08 of 2nd period - Austin Czarnik wins face-off versus Casey Bailey in neutral zone.
19:12 of 2nd period - Icing by Jordan Subban.
19:13 of 2nd period - Austin Czarnik wins face-off versus Casey Bailey in Sherbrooke Phoenix zone.
19:16 of 2nd period - Wrist shot by Daniel O'Regan.
19:16 of 2nd period - Deflect By Max Friberg.
19:16 of 2nd period - Stopped by Vitek Vanecek with a rebound.
19:20 of 2nd period - Snap shot by Chris Conner.
19:20 of 2nd period - Stopped by Vitek Vanecek without a rebound.
19:21 of 2nd period - Austin Czarnik wins face-off versus Casey Bailey in Sherbrooke Phoenix zone.
19:32 of 2nd period - Wrist shot by Austin Czarnik.
19:32 of 2nd period - Stopped by Vitek Vanecek with a rebound.
19:34 of 2nd period - Snap shot by Chris Conner.
19:34 of 2nd period - Lowell Devils goal is going for a video replay.
19:34 of 2nd period - The goal is good.
19:34 of 2nd period - Goal by Chris Conner - Lowell Devils : 2 - Sherbrooke Phoenix : 3.
19:35 of 2nd period - Austin Czarnik wins face-off versus Casey Bailey in neutral zone.
19:46 of 2nd period - Wrist shot by Chris Conner.
19:46 of 2nd period - Stopped by Vitek Vanecek without a rebound.
19:47 of 2nd period - Austin Czarnik wins face-off versus Casey Bailey in Sherbrooke Phoenix zone.
19:55 of 2nd period - Minor Penalty to Mike Weber for Slashing.
19:56 of 2nd period - Austin Czarnik wins face-off versus Casey Bailey in Sherbrooke Phoenix zone.
Goals for this period are 2 for Lowell Devils vs 1 for Sherbrooke Phoenix.
Shots for this period are 17 for Lowell Devils vs 11 for Sherbrooke Phoenix.

3rd period


0:01 of 3rd period - Austin Czarnik wins face-off versus Casey Bailey in neutral zone.
0:04 of 3rd period - Snap shot by Chris Conner.
0:04 of 3rd period - Goal by Chris Conner - Lowell Devils : 3 - Sherbrooke Phoenix : 3.
0:05 of 3rd period - Trevor Smith wins face-off versus Casey Bailey in neutral zone.
0:15 of 3rd period - Minor Penalty to MacKenzie Weegar for Holding.
0:16 of 3rd period - Chris Conner wins face-off versus Daniel Zaar in Lowell Devils zone.
0:26 of 3rd period - Snap shot by Max Friberg.
0:26 of 3rd period - Shot Misses the Net.
0:32 of 3rd period - Slapshot by Daniel Zaar.
0:32 of 3rd period - Shot Misses the Net.
2:01 of 3rd period - Gavin Bayreuther is hit by Blake Coleman and loses puck.
2:15 of 3rd period - Penalty to MacKenzie Weegar is over, MacKenzie Weegar is back on ice.
2:34 of 3rd period - Pascal Pelletier is hit by Nick Baptiste and loses puck.
2:51 of 3rd period - MacKenzie Weegar is hit by Blake Coleman and loses puck.
3:22 of 3rd period - Snap shot by Nick Baptiste.
3:22 of 3rd period - Shot Misses the Net.
3:52 of 3rd period - Max Friberg is hit by Trevor Moore and loses puck.
4:28 of 3rd period - Snap shot by Andrew Mangiapane.
4:28 of 3rd period - Stopped by Vitek Vanecek without a rebound.
4:29 of 3rd period - Andrew Mangiapane wins face-off versus Casey Bailey in Sherbrooke Phoenix zone.
4:30 of 3rd period - Slapshot by Trevor Smith.
4:30 of 3rd period - Shot Misses the Net.
4:32 of 3rd period - Slapshot by Roland McKeown.
4:32 of 3rd period - Deflect By Nick Baptiste.
4:32 of 3rd period - Shot Misses the Net.
4:32 of 3rd period - Puck is out of play.
4:33 of 3rd period - Austin Czarnik wins face-off versus Brad Malone in Sherbrooke Phoenix zone.
4:41 of 3rd period - Minor Penalty to Brandon Mashinter for Slashing.
4:42 of 3rd period - Austin Czarnik wins face-off versus Casey Bailey in Sherbrooke Phoenix zone.
4:52 of 3rd period - Snap shot by Austin Czarnik.
4:52 of 3rd period - Stopped by Vitek Vanecek with a rebound.
4:54 of 3rd period - Snap shot by Austin Czarnik.
4:54 of 3rd period - Shot Blocked by Jordan Subban.
4:56 of 3rd period - Wrist shot by Daniel O'Regan.
4:56 of 3rd period - Goal by Daniel O'Regan - Lowell Devils : 4 - Sherbrooke Phoenix : 3.
4:57 of 3rd period - Casey Bailey wins face-off versus Austin Czarnik in neutral zone.
5:00 of 3rd period - Snap shot by Max Friberg.
5:00 of 3rd period - Shot Blocked by MacKenzie Weegar.
5:08 of 3rd period - Wrist shot by Daniel O'Regan.
5:08 of 3rd period - Shot Misses the Net.
6:24 of 3rd period - Slapshot by Sam Anas.
6:24 of 3rd period - Shot Misses the Net.
7:02 of 3rd period - Minor Penalty to MacKenzie Weegar for Interference.
7:03 of 3rd period - Chris Conner wins face-off versus Max Friberg in Lowell Devils zone.
7:16 of 3rd period - Wrist shot by Chris Conner.
7:16 of 3rd period - Stopped by Vitek Vanecek with a rebound.
7:46 of 3rd period - Icing by Julius Bergman.
7:47 of 3rd period - Chris Conner wins face-off versus Brad Malone in Sherbrooke Phoenix zone.
8:02 of 3rd period - Slapshot by Julius Bergman.
8:02 of 3rd period - Deflect By Daniel Zaar.
8:02 of 3rd period - Shot Misses the Net.
8:02 of 3rd period - Puck is out of play.
8:03 of 3rd period - Daniel O'Regan wins face-off versus Casey Bailey in Lowell Devils zone.
8:03 of 3rd period - Daniel O'Regan is hit by Casey Bailey.
8:23 of 3rd period - Wrist shot by Brad Malone.
8:23 of 3rd period - Stopped by Reto Berra with a rebound.
8:29 of 3rd period - Backhand shot by Blake Coleman.
8:29 of 3rd period - Shot Blocked by Jack Dougherty.
9:02 of 3rd period - Penalty to MacKenzie Weegar is over, MacKenzie Weegar is back on ice.
10:45 of 3rd period - Minor Penalty to Brendan Ranford for Hooking.
10:46 of 3rd period - Casey Bailey wins face-off versus Chris Conner in Lowell Devils zone.
10:49 of 3rd period - Snap shot by Casey Bailey.
10:49 of 3rd period - Goal by Casey Bailey - Lowell Devils : 4 - Sherbrooke Phoenix : 4.
10:50 of 3rd period - Casey Bailey wins face-off versus Austin Czarnik in neutral zone.
11:08 of 3rd period - Max Friberg is hit by Austin Czarnik and loses puck.
11:21 of 3rd period - Wrist shot by Trevor Moore.
11:21 of 3rd period - Shot Blocked by Jordan Subban.
11:23 of 3rd period - Snap shot by Brendan Ranford.
11:23 of 3rd period - Stopped by Vitek Vanecek without a rebound.
11:24 of 3rd period - Brad Malone wins face-off versus Andrew Poturalski in Sherbrooke Phoenix zone.
11:26 of 3rd period - Icing by Brandon Mashinter.
11:27 of 3rd period - Austin Czarnik wins face-off versus Brad Malone in Sherbrooke Phoenix zone.
11:30 of 3rd period - Snap shot by Daniel O'Regan.
11:30 of 3rd period - Stopped by Vitek Vanecek with a rebound.
11:59 of 3rd period - Off-side.
12:00 of 3rd period - Casey Bailey wins face-off versus Austin Czarnik in neutral zone.
12:11 of 3rd period - Snap shot by Daniel O'Regan.
12:11 of 3rd period - Goal by Daniel O'Regan - Lowell Devils : 5 - Sherbrooke Phoenix : 4.
12:12 of 3rd period - Casey Bailey wins face-off versus Austin Czarnik in neutral zone.
12:21 of 3rd period - Snap shot by Casey Bailey.
12:21 of 3rd period - Stopped by Reto Berra with a rebound.
12:23 of 3rd period - Snap shot by Casey Bailey.
12:23 of 3rd period - Shot Blocked by Roland McKeown.
12:25 of 3rd period - Slapshot by Jordan Subban.
12:25 of 3rd period - Shot Misses the Net.
12:27 of 3rd period - Snap shot by Max Friberg.
12:27 of 3rd period - Shot Misses the Net.
12:29 of 3rd period - Snap shot by Jordan Subban.
12:29 of 3rd period - Shot Blocked by Daniel O'Regan.
12:41 of 3rd period - Brandon Mashinter is hit by Trevor Smith and loses puck.
12:58 of 3rd period - Slapshot by Blake Coleman.
12:58 of 3rd period - Stopped by Reto Berra with a rebound.
13:00 of 3rd period - Snap shot by Justin Florek.
13:00 of 3rd period - Deflect By Casey Bailey.
13:00 of 3rd period - Shot Misses the Net.
13:00 of 3rd period - Puck is out of play.
13:01 of 3rd period - Blake Coleman wins face-off versus Andrew Poturalski in Lowell Devils zone.
13:22 of 3rd period - Wrist shot by Chris Conner.
13:22 of 3rd period - Shot Misses the Net.
13:28 of 3rd period - Slapshot by Max Friberg.
13:28 of 3rd period - Stopped by Reto Berra with a rebound.
13:30 of 3rd period - Snap shot by Max Friberg.
13:30 of 3rd period - Stopped by Reto Berra without a rebound.
13:31 of 3rd period - Trevor Smith wins face-off versus Casey Bailey in Lowell Devils zone.
14:05 of 3rd period - Nolan Zajac is hit by Blake Coleman and loses puck.
14:28 of 3rd period - Snap shot by Andrew Poturalski.
14:28 of 3rd period - Stopped by Vitek Vanecek with a rebound.
15:06 of 3rd period - Snap shot by Troy Bourke.
15:06 of 3rd period - Shot Blocked by Nick Baptiste.
15:10 of 3rd period - Snap shot by Troy Bourke.
15:10 of 3rd period - Shot Blocked by Nick Baptiste.
15:12 of 3rd period - Slapshot by Julius Bergman.
15:12 of 3rd period - Deflect By Andrew Mangiapane.
15:12 of 3rd period - Stopped by Reto Berra without a rebound.
15:13 of 3rd period - Andrew Poturalski wins face-off versus Blake Coleman in Lowell Devils zone.
15:13 of 3rd period - Andrew Poturalski is hit by Blake Coleman.
15:27 of 3rd period - Wrist shot by Blake Coleman.
15:27 of 3rd period - Shot Misses the Net.
15:53 of 3rd period - Wrist shot by Blake Coleman.
15:53 of 3rd period - Stopped by Reto Berra with a rebound.
15:55 of 3rd period - Slapshot by Blake Coleman.
15:55 of 3rd period - Shot Blocked by Andrew Mangiapane.
15:57 of 3rd period - Snap shot by Casey Bailey.
15:57 of 3rd period - Stopped by Reto Berra with a rebound.
15:59 of 3rd period - Snap shot by Justin Florek.
15:59 of 3rd period - Shot Misses the Net.
16:01 of 3rd period - Snap shot by Justin Florek.
16:01 of 3rd period - Stopped by Reto Berra with a rebound.
16:03 of 3rd period - Slapshot by Mike Weber.
16:03 of 3rd period - Stopped by Reto Berra with a rebound.
16:05 of 3rd period - Slapshot by Jordan Subban.
16:05 of 3rd period - Deflect By Blake Coleman.
16:05 of 3rd period - Stopped by Reto Berra without a rebound.
16:06 of 3rd period - Andrew Poturalski wins face-off versus Brad Malone in Lowell Devils zone.
16:11 of 3rd period - Wrist shot by Roland McKeown.
16:11 of 3rd period - Stopped by Vitek Vanecek with a rebound.
16:54 of 3rd period - Minor Penalty to Andrew Mangiapane for Holding Stick.
16:55 of 3rd period - Chris Conner wins face-off versus Casey Bailey in Lowell Devils zone.
17:04 of 3rd period - Slapshot by Jordan Subban.
17:04 of 3rd period - Deflect By Austin Czarnik.
17:04 of 3rd period - Goal by Jordan Subban - Lowell Devils : 5 - Sherbrooke Phoenix : 5.
17:05 of 3rd period - Blake Coleman wins face-off versus Andrew Poturalski in neutral zone.
17:10 of 3rd period - Slapshot by Blake Coleman.
17:10 of 3rd period - Shot Blocked by MacKenzie Weegar.
17:32 of 3rd period - Roland McKeown is hit by Mike Weber and loses puck.
18:32 of 3rd period - Blake Siebenaler is hit by Andrew Poturalski and loses puck.
19:15 of 3rd period - Nolan Zajac is hit by Tommy Hughes and loses puck.
Goals for this period are 3 for Lowell Devils vs 2 for Sherbrooke Phoenix.
Shots for this period are 10 for Lowell Devils vs 13 for Sherbrooke Phoenix.

Overtime #1


0:01 of 1st overtime period - Casey Bailey wins face-off versus Chris Conner in neutral zone.
0:04 of 1st overtime period - MacKenzie Weegar is hit by Mike Weber and loses puck.
0:15 of 1st overtime period - Snap shot by Max Friberg.
0:15 of 1st overtime period - Shot Blocked by MacKenzie Weegar.
0:17 of 1st overtime period - Wrist shot by Max Friberg.
0:17 of 1st overtime period - Shot Misses the Net.
0:45 of 1st overtime period - Snap shot by Francis Perron.
0:45 of 1st overtime period - Goal by Francis Perron - Lowell Devils : 5 - Sherbrooke Phoenix : 6.
Goals for this period are 0 for Lowell Devils vs 1 for Sherbrooke Phoenix.
Shots for this period are 0 for Lowell Devils vs 1 for Sherbrooke Phoenix.